 Dungeon Crawl Stone Soup version 0.27-a0-1555-g0e7b3fb1d2 (webtiles) character file.

Game seed: 1292236769544949851

425 monkeymoney the Covered (level 6, 0/56 HPs)
             Began as a Minotaur Fighter on July 15, 2021.
             Slain by Pikel (2 damage)
             ... on level 4 of the Dungeon.
             The game lasted 00:05:17 (2625 turns).

monkeymoney the Covered (Minotaur Fighter)          Turns: 2625, Time: 00:05:17

Health: 0/56       AC:  9    Str: 23    XL:     6   Next: 64%
Magic:  5/5        EV:  6    Int:  5    God:
Gold:   104        SH: 10    Dex:  9    Spells: 5/5 levels left

rFire    . . .     SeeInvis .   h - +2 flail (holy)
rCold    . . .     Faith    .   c - +0 kite shield
rNeg     . . .     Spirit   .   i - +0 chain mail
rPois    .         Reflect  .   (helmet restricted)
rElec    .         Harm     .   (no cloak)
rCorr    .         Rampage  .   (no gloves)
Will     .....                  (no boots)
Stlth    ..........             (no amulet)
HPRegen  0.18/turn              (no ring)
MPRegen  0.09/turn              (no ring)

@: no status effects
A: horns 2, retaliatory headbutt
a: no special abilities


You were on level 4 of the Dungeon.
You visited 1 branch of the dungeon, and saw 4 of its levels.

You collected 104 gold pieces.

Inventory:

Hand Weapons
 a - a +0 flail of draining
 h - a +2 flail of holy wrath (weapon)
Missiles
 f - 8 javelins (quivered)
Armour
 b - a +0 scale mail
 c - a +0 kite shield (worn)
 i - a +0 chain mail (worn)
Jewellery
 j - a ring of poison resistance
Scrolls
 k - a scroll of teleportation


   Skills:
 * Level 5.1 Fighting
 * Level 4.5 Maces & Flails
 + Level 1.6 Throwing
 * Level 5.2 Armour
 + Level 2.1 Dodging
 * Level 5.1 Shields


You had 5 spell levels left.
You didn't know any spells.
Your spell library contained the following spells:

 Spells                   Type           Power      Damage    Failure   Level
 Corona                   Hex            0%         N/A       100%        1
 Ensorcelled Hibernation  Hex/Ice        0%         N/A       100%        2
 Inner Flame              Hex/Fire       0%         N/A       100%        3
 Tukima's Dance           Hex            0%         N/A       100%        3
 Cause Fear               Hex            0%         N/A       100%        4
 Discord                  Hex            0%         N/A       100%        8


Dungeon Overview and Level Annotations

Branches:
Dungeon (4/15)
 Temple: D:4-7

Altars:

Annotations:
D:4 Pikel


Innate Abilities, Weirdness & Mutations

You have a pair of horns on your head.
You reflexively headbutt those who attack you in melee.


Message History

The ball python bites you but does no damage.
The ball python constricts you.
Pikel the Slaver comes into view.
He is wielding a +0 whip of freezing.
The kobold brigand hits you with a +0 short sword.
* * * LOW HITPOINT WARNING * * *
You barely miss the ball python. Your headbutt misses the ball python.
You block the ball python's attack. The ball python constricts you.
The kobold brigand hits you but does no damage.
The ball python bites you but does no damage.
The ball python constricts you.
You closely miss the kobold brigand.
The kobold brigand is severely wounded.
You block the kobold brigand's attack.
The ball python bites you but does no damage.
The ball python constricts you.
The kobold brigand hits you with a +0 short sword.
* * * LOW HITPOINT WARNING * * *
The ball python bites you but does no damage.
The ball python constricts you.
You hit the kobold brigand.
The kobold brigand is severely wounded.
A lemure comes into view.
You block the ball python's attack. The ball python constricts you.
Unknown command.
You escape the ball python's grasp.
You thump the ball python!
You kill the ball python!
You closely miss Pikel. Your headbutt misses Pikel. You block Pikel's attack.
You closely miss Pikel. Pikel hits you but does no damage.
You closely miss Pikel. You block Pikel's attack.
Pikel hits you with a +0 whip of freezing.
* * * LOW HITPOINT WARNING * * *
Pikel freezes you.
* * * LOW HITPOINT WARNING * * *
Unknown command.
You barely miss Pikel.
Pikel hits you with a +0 whip of freezing.
* * * LOW HITPOINT WARNING * * *
Pikel freezes you.
You die...

#.#. .... #...
... ... #.###
#..# #@####
##K..# # .
##)##.#.#...
.#.#.#K.##.#.....
K......w..[...#
#.####.##.#.#.#
####.##5#.#.#
............##
####.##.##......


You could see Pikel.

Vanquished Creatures
  Edmund (D:4)
  An ogre (D:4)
  A scorpion (D:4)
  Jessica (D:2)
  Terence (D:2)
  Robin (D:2)
  2 adders
  A worm (D:2)
  A dart slug (D:2)
  2 orcs
  4 bats
  4 endoplasms
  3 giant cockroaches
  10 goblins
  6 hobgoblins (D:2)
  8 jackals
  7 quokkas
  4 ball pythons
  6 frilled lizards
  4 kobolds (D:1)
  8 rats
76 creatures vanquished.

Notes
Turn   | Place    | Note
-------+----------+-------------------------------------------
     0 | D:1      | monkeymoney the Minotaur Fighter began the quest for the
                  | Orb.
     0 | D:1      | Reached XP level 1. HP: 19/19 MP: 0/0
    12 | D:1      | Found a faded altar of an unknown god.
   230 | D:1      | Reached XP level 2. HP: 23/27 MP: 1/1
   922 | D:2      | Noticed Jessica
   931 | D:2      | Killed Jessica
   932 | D:2      | Reached XP level 3. HP: 18/33 MP: 2/2
  1251 | D:2      | Noticed Robin
  1264 | D:2      | Reached skill level 1 in Dodging
  1269 | D:2      | Killed Robin
  1270 | D:2      | Reached XP level 4. HP: 24/40 MP: 3/3
  1733 | D:2      | Noticed Terence
  1745 | D:2      | Killed Terence
  1746 | D:2      | Reached skill level 1 in Throwing
  2088 | D:3      | Reached XP level 5. HP: 38/47 MP: 4/4
  2568 | D:4      | Noticed Edmund
  2580 | D:4      | Killed Edmund
  2581 | D:4      | Reached XP level 6. HP: 17/55 MP: 5/5
  2594 | D:4      | Reached skill level 5 in Armour
  2594 | D:4      | Reached skill level 5 in Shields
  2604 | D:4      | Reached skill level 5 in Fighting
  2615 | D:4      | Noticed Pikel
  2625 | D:4      | HP: 2/56 [Pikel (3)]
  2625 | D:4      | Slain by Pikel

Illustrated notes

Levels and vault maps discovered:
D:1:      scummos_arrival_hexagon, layout_loops_ring, basic_ecumenical_altar,
          columned_hall_lemuel
D:2:      layout_basic, uniq_jessica, uniq_robin, uniq_terence
D:3:      layout_basic
D:4:      layout_loops_cross, old_standard_altar, lemuel_temple_firewalk_b,
          serial_glass, glass_columns_a, glass_columns_a, glass_columns_a,
          glass_columns_b, glass_columns_b, glass_columns_b, glass_columns_a,
          glass_columns_c, glass_columns_b, glass_columns_a, glass_columns_a,
          glass_columns_c, glass_columns_a, glass_columns_a,
          grunt_decor_one_mirror, minmay_misc_feat_nine_boxes, uniq_edmund,
          uniq_pikel

Skill      XL: |  1  2  3  4  5  6 |
---------------+-------------------+-----
Armour         | 4 5 |  5.2
Fighting       | 4 5 |  5.1
Maces & Flails | 3 4 |  4.5
Shields        | 4 5 |  5.1
Dodging        | 1 2 |  2.1
Throwing       | 1 |  1.6

Action                   |  1- 3 |  4- 6 || total
-------------------------+-------+-------++-------
Melee: Flail             |    94 |   122 ||   216
       Headbutt          |    11 |    18 ||    29
  Use: Scroll            |     2 |     6 ||     8
       Potion            |     1 |     5 ||     6
 Stab: Invisible         |       |     1 ||     1
Armor: Scale mail        |    62 |    30 ||    92
       Chain mail        |       |    50 ||    50
Dodge: Dodged            |    32 |    35 ||    67
Block: Kite shield       |    77 |    82 ||   159

Table legend: (Time is in decaauts)
 A = Elapsed time spent in this place.
 B = Non-inter-level travel time spent in this place.
 C = Inter-level travel time spent in this place.
 D = Time resting spent in this place.
 E = Time spent auto-exploring this place.
 F = Levels seen in this place.
 G = Mean time per level.
                   A        B        C        D        E       F      G
               +--------+--------+--------+--------+--------+-----+--------+
         Total |   2720 |   2526 |    194 |    163 |   1675 |   4 |  680.0 |
       Dungeon |   2720 |   2526 |    194 |    163 |   1675 |   4 |  680.0 |
               +--------+--------+--------+--------+--------+-----+--------+

Top non-repeatable levels by time:
     D:2: 1163 daAuts
     D:1: 883 daAuts
     D:3: 596 daAuts
     D:4: 77 daAuts
